 Dungeon Crawl Stone Soup version 0.25-a0-578-gc91f01c (webtiles) character file.

Game seed: 1435887831095289292, levelgen mode: deterministic

10061 Faca the Fighter (level 11, -22/102 HPs)
             Began as a Grey Draconian Conjurer on Mar 5, 2020.
             Was a High Priest of Vehumet.
             Annihilated by a wolf spider simulacrum (23 damage)
             ... in a Gauntlet.
             The game lasted 00:45:22 (12347 turns).

Faca the Fighter (Grey Draconian Conjurer)         Turns: 12347, Time: 00:45:23

Health: -22/102    AC: 17    Str: 11    XL:     11   Next: 31%
Magic:  24/24      EV: 17    Int: 19    God:    Vehumet [*****.]
Gold:   1905       SH:  5    Dex: 15    Spells: 25/29 levels left

rFire    . . .     SeeInvis .   k - +1 whip (elec)
rCold    . . .     Gourm    .   z - +0 buckler
rNeg     . . .     Faith    .   (armour unavailable)
rPois    .         Spirit   .   (helmet restricted)
rElec    +         Reflect  .   F - +2 cloak
rCorr    .         Harm     .   c - +1 pair of gloves
MR       .....     NoTele   +   (no boots)
Stlth    ++........             r - amulet of the Air {Inacc +Fly rElec EV+5 RMsl}
HPRegen  0.27/turn              H - +4 ring of dexterity
MPRegen  0.19/turn              B - ring of wizardry

@: slowed, repel missiles, very slow
A: walk through water, unfitting armour, unbreathing, cold-blooded, AC +12
a: Renounce Religion, Evoke Flight


You were in a Gauntlet.
You worshipped Vehumet.
Vehumet was extremely pleased with you.
You were hungry.

You visited 1 branch of the dungeon, and saw 11 of its levels.
You also visited: Gauntlet.

You collected 1905 gold pieces.

Inventory:

Hand Weapons
 k - a +1 whip of electrocution (weapon)
Missiles
 j - 4 throwing nets
 m - 99 poisoned darts (quivered)
Armour
 c - a +1 pair of gloves (worn)
 z - a +0 buckler (worn)
 E - a +2 pair of boots of stealth
 F - a +2 cloak (worn)
Magical Staves
 A - an uncursed staff of power
Jewellery
 r - the amulet of the Air (around neck) {Inacc +Fly rElec EV+5 RMsl}
   (You found it on level 8 of the Dungeon)

   [amulet of inaccuracy]

   It reduces the accuracy of all your attacks.
   It affects your evasion (+5).
   It insulates you from electricity.
   It lets you fly.
   It protects you from missiles.
 B - a ring of wizardry (right hand)
 H - a +4 ring of dexterity (left hand)
Wands
 d - a wand of acid (6)
 g - a wand of flame (8)
 y - a wand of disintegration (14)
 C - a wand of paralysis (10)
 D - a wand of iceblast (16)
 I - a wand of polymorph (5)
Scrolls
 e - 4 scrolls of identify
 f - 3 scrolls of immolation
 i - 2 scrolls of magic mapping
 o - 7 scrolls of remove curse
 q - a scroll of torment {unknown}
 u - a scroll of fear
 K - a scroll of vulnerability
Potions
 a - 3 potions of curing
 h - a potion of lignification
 l - 3 potions of resistance
 n - a potion of ambrosia
 p - 3 potions of haste
 s - 3 potions of mutation
 t - 3 potions of magic
 v - 4 potions of stabbing
 w - 4 potions of brilliance
 x - a potion of berserk rage
 G - a potion of cancellation
 J - a potion of invisibility
Comestibles
 b - 24 rations


   Skills:
 + Level 11.0 Fighting
 + Level 9.9 Maces & Flails
 - Level 1.7 Dodging
 - Level 1.7 Stealth
 + Level 3.3 Shields
 + Level 9.6 Spellcasting
 - Level 4.0 Conjurations


You had 25 spell levels left.
You knew the following spells:

 Your Spells              Type           Power        Failure   Level  Hunger
a - Magic Dart            Conj           ###.         1%          1    None
b - Mephitic Cloud        Conj/Pois/Air  ##......     1%          3    None

Your spell library contained the following spells:

 Spells                   Type           Power        Failure   Level  Hunger
 Starburst                Conj/Fire      ###.......   45%         6    ######.
 Searing Ray              Conj           ###...       1%          2    None
 Dazzling Flash           Conj/Hex       ###...       1%          3    None
 Sting                    Tmut/Pois      #...         3%          1    None
 Ignite Poison            Fire/Tmut/Pois #.......     3%          3    None
 Fulminant Prism          Conj/Hex       ###.......   4%          4    ###....
 Iskenderun's Mystic Bla  Conj/Tloc      ###.....     4%          4    ###....
 Poisonous Vapours        Pois/Air       #.....       5%          2    None
 Olgreb's Toxic Radiance  Pois           #.......     10%         4    ###....


Dungeon Overview and Level Annotations

Branches:
Dungeon (11/15)            Temple (0/1) D:4            Lair (0/6) D:8
Gauntlet (1/1)
    Orc: D:9-12

Altars:
Ashenzari
Dithmenos
Elyvilon
Fedhas
Nemelex Xobeh
Qazlal
Ru
Sif Muna
Trog
Uskayaw
Vehumet
Wu Jian

Shops:
D:4 [

Annotations:
D:10 2 transporters, MinDuChiJDG's ghost, journeyman MiBe Gauntlet 10 transporters, 21 runed translucent doors


Innate Abilities, Weirdness & Mutations

You can walk through water.
Your dull iron-grey scales are very hard. (AC +12)
You cannot fit into any form of body armour.
You can survive without breathing.
You are cold-blooded and may be slowed by cold attacks.


Message History

The wolf spider simulacrum freezes you!
You feel as though you will be slow longer.
* * * LOW HITPOINT WARNING * * *
You block the centaur warrior simulacrum's attack.
The wolf spider simulacrum barely misses you.
You block the wolf spider simulacrum's attack.
There is a transporter here.
You enter the transporter and appear at another place.
The centaur warrior simulacrum completely misses you.
The wolf spider simulacrum misses you.
The wolf spider simulacrum barely misses you.
The centaur warrior simulacrum hits you but does no damage.
The wolf spider simulacrum closely misses you.
The wolf spider simulacrum bites you but does no damage.
The centaur warrior simulacrum barely misses you.
The centaur warrior simulacrum closely misses you.
The wolf spider simulacrum hits you.
* * * LOW HITPOINT WARNING * * *
The wolf spider simulacrum freezes you!!
You die...

.h....#...#..+...+..#..#8#
....#h#...#..+...+..#..###
^..##.#...#++#+#+#++#..#
#.##^.#...#..+...+..#..###
......#...#..+.©.+..#..#8#
#######...###########..###
........§....#.©.#.....#
.......≈8≈...#.Z.#.8...###
........≈....#.Z@#.....#8#
#######...###########..###
)©.?..#...#...[§....#..#
...##.#...#.........#..###
###.#.#...#.#######.#..#8#
#.##..#...#.#.#.#Z#.#..###
.©....#...#....©....#..#
#.##..#...##.#.#.#.##..###
###.#.#...#.#######.#..#8#


You could see a wolf spider simulacrum and 2 centaur warrior simulacra.

Vanquished Creatures
  Harold (D:8)
  A two-headed ogre (D:10)
  A necromancer (D:10)
  Maurice (D:10)
  3 trolls
  Grinder (D:5)
  A hippogriff (D:7)
  A meliai zombie (D:10)
  4 hogs (D:7)
  A wyvern (D:9)
  3 yaks (D:10)
  A human (D:7)
  Grum (D:8)
  2 hungry ghosts
  A harpy simulacrum (Gauntlet)
  Duvessa (D:5)
  A water moccasin (D:9)
  An eye of draining (D:8)
  2 black bears
  6 orc warriors
  3 ogres
  3 wolves (D:8)
  6 centaurs
  A crocodile (D:8)
  4 bullfrogs
  A big kobold (D:10)
  3 scorpions
  3 killer bees (D:9)
  7 howler monkeys
  A vampire bat (D:4)
  10 wights
  7 crimson imps
  A hound (D:5)
  8 orc priests
  A bullfrog skeleton (D:8)
  11 orc wizards
  A centaur skeleton (D:8)
  2 iguanas
  2 yak simulacra (D:10)
  2 polar bear simulacra (D:10)
  12 worker ants
  2 wolf simulacra (D:10)
  A killer bee zombie (D:6)
  A worker ant zombie (D:8)
  19 adders
  2 gnolls (D:6)
  A howler monkey skeleton (D:8)
  2 shadow imps
  An ooze (D:3)
  2 adder zombies
  An adder skeleton (D:4)
  3 worms
  A dart slug (D:1)
  3 fire bats (D:4)
  9 leopard geckos
  44 orcs
  2 spectral bats (D:4)
  A ball python (D:1)
  3 bat skeletons (D:4)
  A bat zombie (D:4)
  6 giant cockroaches
  19 goblins
  20 hobgoblins
  6 jackals
  18 kobolds
  14 bats
  A bat simulacrum (D:4)
  10 frilled lizards
  A leopard gecko zombie (D:5)
  2 quokka skeletons
  A quokka zombie (D:9)
  16 rats
  5 river rat simulacra (D:10)
341 creatures vanquished.

Vanquished Creatures (others)
  Dowan (D:5)
  A demonic plant (Gauntlet)
  10 fungi (D:8)
  2 plants (D:8)
14 creatures vanquished.

Grand Total: 355 creatures vanquished

Notes
Turn   | Place    | Note
-------+----------+-------------------------------------------
     0 | D:1      | Faca the Draconian Conjurer began the quest for the Orb.
     0 | D:1      | Reached XP level 1. HP: 14/14 MP: 3/3
   245 | D:1      | Reached skill level 1 in Fighting
   254 | D:1      | Reached XP level 2. HP: 23/23 MP: 1/5
   943 | D:1      | Reached skill level 2 in Fighting
   943 | D:1      | Reached XP level 3. HP: 27/29 MP: 1/7
  1680 | D:2      | Found an ornate altar of the Wu Jian Council.
  1690 | D:2      | Found a stormy altar of Qazlal.
  1690 | D:2      | Noticed an air elemental
  1693 | D:2      | Noticed an earth elemental
  1693 | D:2      | Noticed a water elemental
  1693 | D:2      | Noticed a fire elemental
  1807 | D:2      | Reached skill level 1 in Maces & Flails
  1807 | D:2      | Reached XP level 4. HP: 37/37 MP: 2/8
  2162 | D:3      | Found a sparkling altar of Nemelex Xobeh.
  2180 | D:3      | Reached skill level 3 in Fighting
  2193 | D:3      | Found a radiant altar of Vehumet.
  2215 | D:3      | Became a worshipper of Vehumet
  2353 | D:3      | Reached XP level 5. HP: 40/45 MP: 0/10
  3092 | D:4      | Found a shadowy altar of Dithmenos.
  3149 | D:4      | Reached * piety under Vehumet
  3149 | D:4      | Offered knowledge of Shock by Vehumet.
  3266 | D:4      | Found Difu's Antique Armour Shoppe.
  3304 | D:4      | Found a staircase to the Ecumenical Temple.
  3354 | D:4      | Reached XP level 6. HP: 50/52 MP: 5/11
  3465 | D:4      | Reached skill level 4 in Fighting
  3825 | D:4      | Reached ** piety under Vehumet
  3825 | D:4      | Offered knowledge of Foxfire by Vehumet.
  3827 | D:4      | Your scales start taking on a dull iron-grey colour.
  3827 | D:4      | Reached XP level 7. HP: 55/60 MP: 13/13
  3827 | D:4      | Gained mutation: You can survive without breathing. [Grey
                  | Draconian growth]
  4287 | D:5      | Entered Level 5 of the Dungeon
  4359 | D:4      | Reached skill level 5 in Fighting
  4446 | D:5      | Noticed Duvessa
  4446 | D:5      | Noticed Dowan
  4465 | D:5      | Killed Dowan
  4870 | D:4      | Reached skill level 5 in Spellcasting
  5162 | D:5      | Found a shattered altar of Ashenzari.
  5199 | D:5      | Noticed Grinder
  5205 | D:5      | Paralysed by Grinder for 7 turns
  5215 | D:5      | Paralysed by Grinder for 7 turns
  5230 | D:5      | Killed Grinder
  5230 | D:5      | Offered knowledge of Frozen Ramparts by Vehumet.
  5230 | D:5      | Reached skill level 6 in Fighting
  5230 | D:5      | Reached skill level 5 in Maces & Flails
  5230 | D:5      | Reached XP level 8. HP: 29/70 MP: 13/16
  5533 | D:5      | Killed Duvessa
  6323 | D:6      | Reached *** piety under Vehumet
  6371 | D:6      | Reached skill level 7 in Fighting
  6772 | D:6      | Offered knowledge of Conjure Flame by Vehumet.
  6879 | D:6      | Noticed a +0 hand axe
  6880 | D:6      | Noticed a +0 dagger
  6883 | D:6      | Found a hide-covered altar of Uskayaw.
  7015 | D:6      | Found a blossoming altar of Fedhas.
  7377 | D:7      | Reached **** piety under Vehumet
  7377 | D:7      | Reached XP level 9. HP: 76/79 MP: 12/18
  7554 | D:7      | Found a white marble altar of Elyvilon.
  7596 | D:7      | Found a sacrificial altar of Ru.
  7686 | D:7      | Offered knowledge of Bolt of Magma by Vehumet.
  7691 | D:7      | Learned a level 3 spell: Mephitic Cloud
  7849 | D:7      | Reached skill level 8 in Fighting
  8206 | D:8      | Found the amulet of the Air {Inacc +Fly rElec EV+5 RMsl}
  8496 | D:8      | Noticed Grum
  8505 | D:8      | Reached skill level 9 in Fighting
  8527 | D:8      | Killed Grum
  8527 | D:8      | Reached XP level 10. HP: 71/91 MP: 16/22
  8625 | D:8      | Noticed Harold
  8668 | D:8      | Killed Harold
  9030 | D:8      | Reached ***** piety under Vehumet
  9034 | D:8      | Found a staircase to the Lair.
  9160 | D:8      | Offered knowledge of Starburst by Vehumet.
  9401 | D:8      | Noticed a moth of wrath
  9404 | D:8      | Found a bloodstained altar of Trog.
 10041 | D:9      | Reached skill level 10 in Fighting
 10261 | D:9      | Identified a scroll of acquirement
 10707 | D:9      | Found a shimmering blue altar of Sif Muna.
 10811 | D:9      | Identified the +0 buckler "Ucurrisa" {+Blink MR- Int+6}
                  | (You acquired it on level 9 of the Dungeon)
 10811 | D:9      | Identified the amulet "Qugecarch" {RegenMP *Drain rElec MR-
                  | Dex+4} (You acquired it on level 9 of the Dungeon)
 10835 | D:10     | Entered Level 10 of the Dungeon
 10835 | D:10     | Noticed Maurice
 10854 | D:10     | Killed Maurice
 10854 | D:10     | Reached skill level 1 in Shields
 11334 | D:10     | Reached XP level 11. HP: 92/101 MP: 24/24
 11553 | D:10     | Found a transporter.
 11554 | D:10     | Noticed a deep troll earth mage
 11555 | D:10     | Found a transporter.
 11555 | D:10     | Noticed MinDuChiJDG's ghost (journeyman MiBe)
 11556 | D:10     | Noticed a two-headed ogre
 11587 | D:10     | Noticed a two-headed ogre
 11613 | D:10     | Killed a two-headed ogre
 11898 | D:10     | Noticed a necromancer
 11926 | D:10     | Killed a necromancer
 12009 | D:11     | Found a gate leading to a gauntlet.
 12031 | D:11     | Reached skill level 11 in Fighting
 12056 | Gauntlet | Entered a Gauntlet
 12056 | Gauntlet | Found a transporter.
 12056 | Gauntlet | Found a transporter.
 12056 | Gauntlet | Found a transporter.
 12056 | Gauntlet | Noticed a tengu warrior
 12137 | Gauntlet | Found a transporter.
 12139 | Gauntlet | Found a transporter.
 12141 | Gauntlet | Found a large runed translucent door.
 12142 | Gauntlet | Found a large runed translucent door.
 12143 | Gauntlet | Found a large runed translucent door.
 12143 | Gauntlet | Found a large runed translucent door.
 12143 | Gauntlet | Found a runed translucent door.
 12143 | Gauntlet | Found a runed translucent door.
 12144 | Gauntlet | Found a large runed translucent door.
 12144 | Gauntlet | Found a large runed translucent door.
 12144 | Gauntlet | Found a large runed translucent door.
 12144 | Gauntlet | Found a large runed translucent door.
 12145 | Gauntlet | Found a large runed translucent door.
 12146 | Gauntlet | Found a large runed translucent door.
 12166 | Gauntlet | Found a transporter.
 12174 | Gauntlet | Noticed a sixfirhy
 12176 | Gauntlet | Found a transporter.
 12191 | Gauntlet | Found a transporter.
 12205 | Gauntlet | Found a transporter.
 12215 | Gauntlet | Noticed an orb spider
 12220 | Gauntlet | Found a transporter.
 12227 | Gauntlet | Found a transporter.
 12239 | Gauntlet | Found a large runed translucent door.
 12240 | Gauntlet | Found a large runed translucent door.
 12241 | Gauntlet | Found a large runed translucent door.
 12242 | Gauntlet | Found a runed translucent gate.
 12273 | Gauntlet | Found a runed translucent gate.
 12274 | Gauntlet | Found a runed translucent gate.
 12274 | Gauntlet | Noticed a death drake
 12275 | Gauntlet | Found a transporter.
 12284 | Gauntlet | Found a large runed translucent door.
 12285 | Gauntlet | Found a large runed translucent door.
 12286 | Gauntlet | Found a large runed translucent door.
 12344 | Gauntlet | HP: 5/102 [wolf spider simulacrum (16)]
 12347 | Gauntlet | HP: 1/102 [wolf spider simulacrum (5)]
 12347 | Gauntlet | Annihilated by a wolf spider simulacrum

Levels and vault maps discovered:
D:1:      minmay_arrival_jagged, layout_basic
D:2:      layout_basic, nicolae_qazlal_style_of_elements, old_standard_altar,
          minmay_hedge_maze
D:3:      layout_loops_ring, lemuel_round_altar,
          nemelex_xobeh_ov_fountains_minmay, minmay_fractal_squares_diagonal_5
D:4:      layout_loops_ring, kennysheep_mini, minmay_temple_entry_sparse_star,
          serial_shops, shop, first_ration, goddamned_bats
D:5:      layout_loops_ring, ashenzari_altar_1, minivault_25, uniq_duvessa,
          uniq_grinder
D:6:      corexii_shantytown, layout_layer_cave, dancing_weapons_uskayaw,
          fedhas_altar_2
D:7:      layout_rooms, kennysheep_mini_moat,
          nicolae_ru_great_annihilating_truth, grunt_livestock, st_stairs_3
D:8:      layout_cave_pods, tgw_trog, grunt_lair_entry_orc_guard_hut,
          uniq_harold, uniq_grum
D:9:      layout_rooms, kennysheep_little_box, corexii_corridor_pit,
          kennysheep_generic_room_13
D:10:     layout_roguey, gammafunk_ghost_arena, eino_house_with_fridge,
          uniq_maurice
D:11:     layout_basic, serial_shops, nicolae_shop_behind_doors,
          gauntlet_entry_generic
Gauntlet: gammafunk_gauntlet_shortcut [gammafunk_gauntlet_arena_teeth,
          minmay_gauntlet_arena_make_your_own_arena,
          gammafunk_gauntlet_arena_corners, gammafunk_gauntlet_arena_mazey,
          nicolae_gauntlet_arena_quarters,
          gammafunk_gauntlet_arena_split_diamond, gauntlet_exit_watery]

Skill      XL: |  1  2  3  4  5  6  7  8  9 10 11 |
---------------+----------------------------------+-----
Fighting       | 1 2 3 4 6 7 9 10 11 | 11.0
Spellcasting   | 3 4 5 6 8 9 |  9.6
Maces & Flails | 1 2 3 5 6 8 9 |  9.9
Shields        | 2 3 |  3.3
Dodging        | |  1.7
Stealth        | |  1.7
Conjurations   | |  4.0

Action                   |  1- 3 |  4- 6 |  7- 9 | 10-12 || total
-------------------------+-------+-------+-------+-------++-------
Melee: Unarmed           |    19 |       |       |       ||    19
       Hand axe          |    46 |       |       |       ||    46
       Tailslap          |     8 |    18 |    58 |    58 ||   142
       Whip              |    27 |   233 |   484 |   516 ||  1260
 Cast: Magic Dart        |    40 |    58 |    55 |    41 ||   194
       Mephitic Cloud    |       |       |     6 |    14 ||    20
  Use: Scroll            |       |    13 |     9 |     7 ||    29
       Potion            |       |       |     1 |       ||     1
 Stab: Sleeping          |       |     4 |     3 |     1 ||     8
       Confused          |       |       |     6 |    20 ||    26
  Eat: Chunk             |     3 |     7 |    12 |    14 ||    36
       Ration            |       |       |     1 |       ||     1
Armor: Skin              |    22 |   113 |   190 |   110 ||   435
Dodge: Dodged            |    77 |   150 |   262 |   291 ||   780
       Deflected         |       |       |     2 |     6 ||     8
Block: Buckler           |       |       |       |    37 ||    37

Table legend:
 A = Non-vault XP
 B = Vault XP
 C = Vault XP percentage of total XP
 D = Non-vault monster count
 E = Vault monster count
 F = Vault count percentage of total count
                 A         B        C        D         E       F
            +---------+---------+-------+---------+---------+-------
      Total |    9286 |    5088 |  35.4 |     237 |     105 |  30.7
            +---------+---------+-------+---------+---------+-------
        D:1 |      46 |       0 |   0.0 |      26 |       0 |   0.0
        D:2 |      75 |       0 |   0.0 |      17 |       0 |   0.0
        D:3 |      91 |      42 |  31.6 |      22 |       6 |  21.4
        D:4 |     546 |     177 |  24.5 |      30 |      20 |  40.0
        D:5 |     570 |     492 |  46.3 |      20 |       3 |  13.0
        D:6 |     623 |      98 |  13.6 |      14 |      37 |  72.5
        D:7 |     950 |     979 |  50.8 |      17 |      11 |  39.3
        D:8 |    1117 |    1871 |  62.6 |      31 |      14 |  31.1
        D:9 |    1702 |       0 |   0.0 |      26 |       0 |   0.0
       D:10 |    3083 |    1272 |  29.2 |      31 |      13 |  29.5
       D:11 |     483 |       0 |   0.0 |       3 |       0 |   0.0
   Gauntlet |       0 |     157 | 100.0 |       0 |       1 | 100.0
            +---------+---------+-------+---------+---------+-------
